cohdb
Replays
Latest Replays
All Replays
Popular Replays
Top Player Replays
Match Explorer
How It Works
Community
CoH3 Stats
Reddit
Sign in to upload your games and track your stats! →
Sign in with Steam
1v1 Lost
Match 17612212
Overview
Messages
Build Orders
End
Construct Infanterie Kompanie
Kettenkrad Recon Vehicle
Selects Breakthrough Battlegroup
Selects Assault Grenadiers
MG 42 Machine Gun Team
Pioneer Squad
Grenadier Squad
MG 42 Machine Gun Team
Construct Panzergrenadier Kompanie
Panzergrenadier Squad
Medical Station
Panzergrenadier Squad
Selects Rapid Production
Grenadier Squad
Pak 40 Anti-tank Gun Team
Construct Panzer Kompanie
Stoßtruppen Squad
Panzer IV Medium Tank
Selects Blitzkrieg
Selects Tiger Heavy Tank
Selects Breakthrough
Breakthrough
Tiger Heavy Tank
Breakthrough
Pioneer Squad
Selects Incendiary Bombing Run
Incendiary Bombing Run
Panzer IV Medium Tank
Thien
Thunderbird
0
0
Comments
sign in to comment!
No comments posted yet!